Map: Newkirk Precinct TE (Void)

Players

JohnColtrane - Winner!

  • Race: Zerg Zerg
  • League: Master
  • Spawn Location: 5:00

Railgan

  • Race: Zerg Zerg
  • League: Grandmaster
  • Spawn Location: 7:00

VOD

Have the link to the VOD?

Description

Time

  • Played on: March 13, 2017, 3:51 p.m.
  • Length: 5:08
Show
View Real Time Build Order
Export as new Build Order

JohnColtrane Zerg - Winner!

Build Orders: Pool First, Zergling Baneling 

Get SALT Encoding   

  12  0:01  Drone  
  13  0:09  Extractor  
  12  0:26  Spawning Pool  
  11  0:30  Drone  
  12  0:37  Drone  
  12  0:42  Drone  
  14  0:53  Overlord  
  14  1:13  Metabolic Boost  
  14  1:14  Zergling x4  
  14  1:18  Zergling x2  
  17  1:25  Zergling x2  
  18  1:32  Baneling Nest  
  18  1:38  Zergling x2  
  18  1:49  Zergling x2  
  19  1:58  Zergling x2  
  20  2:08  Zergling x2  
  21  2:16  Baneling x2  
  21  2:18  Zergling x2  
  22  2:25  Baneling  
  22  2:26  Baneling  
  22  2:29  Overlord  
  21  2:42  Zergling x2  
  22  2:47  Queen  
  23  2:54  Zergling x2  
  22  3:08  Zergling x2  
  21  3:14  Zergling x2  
  21  3:23  Zergling x2  
  21  3:24  Baneling  
  21  3:25  Baneling  
  22  3:36  Zergling x2  
  22  3:39  Hatchery  
  22  3:40  Baneling x2  
  20  3:45  Zergling x2  
  21  3:55  Zergling x2  
  21  3:58  Zergling x4  
  22  4:06  Zergling x2  
  22  4:09  Zergling x2  
  22  4:19  Zergling x2  
  23  4:29  Baneling  
  23  4:31  Zergling x2  
Show
View Real Time Build Order
Export as new Build Order

Railgan Zerg 

Build Orders: Hatch First 

Get SALT Encoding   

  12  0:01  Drone  
  13  0:13  Overlord  
  13  0:18  Drone  
  14  0:31  Drone x2  
  14  0:35  Drone  
  17  0:47  Drone  
  18  1:00  Drone  
  18  1:01  Hatchery  
  18  1:08  Extractor  
  17  1:15  Spawning Pool  
  17  1:18  Drone  
  17  1:21  Drone  
  18  1:30  Drone  
  19  1:43  Overlord  
  19  2:01  Drone  
  20  2:02  Zergling x2, Queen  
  23  2:12  Queen  
  23  2:13  Zergling x2  
  23  2:14  Drone  
  27  2:24  Zergling x4  
  27  2:27  Baneling Nest  
  27  2:37  Zergling x2  
  27  2:38  Spine Crawler, Zergling x2  
  27  2:43  Queen  
  29  2:47  Zergling x2  
  29  2:48  Queen  
  30  2:53  Zergling x2  
  30  2:54  Zergling x2  
  30  2:59  Zergling x2  
  23  3:07  Zergling x2  
  15  3:24  Baneling  
  15  3:28  Baneling  
  15  3:42  Drone x2  
  17  3:48  Drone  
  18  4:02  Drone  
  18  4:07  Drone  
  18  4:13  Baneling  
  18  4:24  Drone  
  19  4:30  Drone  
  19  4:31  Drone  
  21  4:35  Zergling x2  
Tags
 
Add a new tag
Caveats
  • Supply blocks, unpowered buildings, or Contaminate may cause inaccurate times.
  • Supply counts are checked every 10 seconds.